 Dungeon Crawl Stone Soup version 0.23.0 (webtiles) character file.

Game seed: 4688732174241538797

977 Infinimo the Cutter (level 8, -1/52 HPs)
             Began as an Octopode Abyssal Knight on Feb 15, 2019.
             Was a Priest of Lugonu.
             Slain by an ice beast (13 damage)
             ... on level 6 of the Dungeon.
             The game lasted 00:06:39 (5771 turns).

Infinimo the Cutter (Octopode Abyssal Knight)       Turns: 5771, Time: 00:06:39

Health: -1/52      AC:  1    Str: 11    XL:     8   Next: 17%
Magic:  9/9        EV: 14    Int: 14    God:    Lugonu [***...]
Gold:   282        SH:  0    Dex: 14    Spells: 7/7 levels left

rFire    . . .     SeeInvis .   g - +1 dagger (venom)
rCold    . . .     Gourm    .   (no shield)
rNeg     . . .     Faith    .   (helmet restricted)
rPois    .         Spirit   .   (no amulet)
rElec    .         Reflect  .   (no ring)
rCorr    .         Harm     .   (no ring)
MR       .....                  (no ring)
Stlth    +++++.....             (no ring)
HPRegen  0.17/turn              (no ring)
MPRegen  0.11/turn              (no ring)
                                (no ring)
                                (no ring)

@: no status effects
A: almost no armour, stealthy swim, amphibious, 8 rings, constrict 8, camouflage
1, gelatinous body 1
a: Depart the Abyss, Bend Space, Banish, Renounce Religion


You were on level 6 of the Dungeon.
You worshipped Lugonu.
Lugonu was most pleased with you.
You were not hungry.

You visited 1 branch of the dungeon, and saw 6 of its levels.
You visited the Abyss 1 time.

You collected 282 gold pieces.

Inventory:

Hand Weapons
 g - a +1 dagger of venom (weapon)
Scrolls
 e - 2 scrolls of random uselessness
 k - 2 scrolls of fear {unknown}
 m - 2 scrolls of remove curse {unknown}
 n - a scroll of enchant weapon {unknown}
 o - 2 scrolls of identify
 p - a scroll of teleportation {unknown}
 q - 2 scrolls of amnesia
 r - a scroll of blinking {unknown}
Potions
 a - a potion of curing
 c - a potion of heal wounds {unknown}
 d - 3 potions of flight
 f - a potion of lignification
 h - 3 potions of brilliance {unknown}
 i - a potion of resistance {unknown}
 j - 2 potions of mutation {unknown}
 l - a potion of berserk rage {unknown}
 s - a potion of ambrosia {unknown}
Comestibles
 b - 8 rations


   Skills:
 - Level 3.0 Fighting
 * Level 7.7 Short Blades
 - Level 2.3 Dodging
 + Level 7.3 Stealth
 - Level 2.0 Invocations


You had 7 spell levels left.
You didn't know any spells.
Your spell library contained the following spells:

 Spells                   Type           Power        Failure   Level  Hunger
 Flame Tongue             Conj/Fire      #....        28%         1    ##.....
 Throw Flame              Conj/Fire      #.....       41%         2    ###....
 Conjure Flame            Conj/Fire      #.......     65%         3    ####...
 Inner Flame              Hex/Fire       #.......     65%         3    ####...
 Sticky Flame             Conj/Fire      #.......     96%         4    #####..
 Fireball                 Conj/Fire      #.........   100%        5    ######.


Dungeon Overview and Level Annotations

Branches:
Dungeon (6/15)             Temple (0/1) D:5

Altars:
Fedhas
Gozag
Makhleb
Okawaru
Vehumet
Wu Jian

Shops:
D:3 *   D:5 (

Annotations:
D:4 Catiua's ghost, novice MiBe


Innate Abilities, Weirdness & Mutations

You cannot wear most types of armour.
You are very stealthy in the water. (Stealth+)
You are amphibious.
You can wear up to eight rings at the same time.
You can use your tentacles to constrict eight enemies at once.
Your skin changes colour to match your surroundings (Stealth+).
Your rubbery body absorbs attacks. (AC +1, EV +1)


Message History

You are too injured to fight recklessly!
You are too injured to fight recklessly!
You are too injured to fight recklessly!
You are too injured to fight recklessly!
You squeeze the ice beast.
The ice beast is lightly wounded.
The ice beast is lightly wounded.
The ice beast is poisoned.
The ice beast is lightly wounded.
The ice beast hits you. The ice beast freezes you!
* * * LOW HITPOINT WARNING * * *
You squeeze the ice beast.
The ice beast is moderately wounded.
You squeeze the ice beast, but do no damage.
The ice beast is moderately wounded.
The ice beast is moderately wounded.
The ice beast hits you.
* * * LOW HITPOINT WARNING * * *
The ice beast freezes you!
You die...

....###....#..#
......#......###
...............##
.............(..# ##
..........##.รท...#..##
...........###........##
........................#
.................###.....#
.......(......@#..#.......#
..............Y#...<.......
..............##...........
...........%.##......##...
#...........###.....## .
##........##........#
#........#.........#
##...............#...
..###..............##....


You could see an ice beast.

Vanquished Creatures
  Sigmund (D:6)
  Eustachio (D:4)
  Edmund (D:4)
  A big kobold (D:5)
  A bullfrog (D:6)
  2 howler monkeys
  A hound (D:6)
  An orc wizard (D:4)
  Jessica (D:3)
  3 worker ants
  Ijyb (D:3)
  A hound skeleton (D:5)
  Robin (D:4)
  4 adders
  A howler monkey skeleton (D:4)
  3 oozes
  A dart slug (D:1)
  A leopard gecko (D:2)
  3 orcs
  2 giant cockroaches
  21 goblins
  8 hobgoblins
  8 jackals
  A quokka (D:4)
  A ball python (D:2)
  4 bats
  7 frilled lizards
  18 kobolds
  7 rats
106 creatures vanquished.

Vanquished Creatures (others)
  2 fungi (D:5)
  2 plants (D:5)
4 creatures vanquished.

Grand Total: 110 creatures vanquished

Notes
Turn   | Place    | Note
-------+----------+-------------------------------------------
     0 | Abyss:1  | Infinimo the Octopode Abyssal Knight began the quest for
                  | the Orb.
     0 | Abyss:1  | Reached XP level 1. HP: 16/16 MP: 2/2
     0 | D:1      | Escaped the Abyss
    31 | D:1      | Reached skill level 1 in Stealth
    60 | D:1      | Reached * piety under Lugonu
    60 | D:1      | Reached XP level 2. HP: 19/21 MP: 3/3
   273 | D:1      | Reached XP level 3. HP: 5/26 MP: 4/4
  1216 | D:2      | Found an ornate altar of the Wu Jian Council.
  1628 | D:2      | Reached XP level 4. HP: 31/31 MP: 5/5
  1640 | D:2      | Found a blossoming altar of Fedhas.
  1797 | D:3      | Noticed Ijyb
  1798 | D:3      | Reached ** piety under Lugonu
  2290 | D:3      | Noticed Jessica
  2299 | D:3      | Killed Jessica
  2538 | D:3      | Found an opulent altar of Gozag.
  2541 | D:3      | Found Gozag's Platinum Reserve.
  2554 | D:3      | Reached XP level 5. HP: 27/36 MP: 6/6
  2651 | D:3      | Killed Ijyb
  3305 | D:4      | Noticed Eustachio
  3314 | D:4      | Killed Eustachio
  3314 | D:4      | Reached skill level 5 in Short Blades
  3314 | D:4      | Reached XP level 6. HP: 28/42 MP: 7/7
  3600 | D:4      | Found a radiant altar of Vehumet.
  3600 | D:4      | Noticed Robin
  3607 | D:4      | Reached skill level 5 in Stealth
  3815 | D:4      | Killed Robin
  4164 | D:4      | Found an iron altar of Okawaru.
  4171 | D:4      | Noticed Edmund
  4192 | D:4      | Killed Edmund
  4192 | D:4      | Reached XP level 7. HP: 35/46 MP: 8/8
  4472 | D:5      | Entered Level 5 of the Dungeon
  4478 | D:5      | Found a staircase to the Ecumenical Temple.
  4495 | D:5      | Reached *** piety under Lugonu
  4616 | D:5      | Found Moleidul's Antique Weapon Boutique.
  4740 | D:5      | Found a burning altar of Makhleb.
  4775 | D:5      | Found a runed translucent gate.
  4775 | D:5      | Found a runed translucent gate.
  4776 | D:5      | Found a runed translucent gate.
  4855 | D:5      | Noticed Catiua's ghost (novice MiBe)
  5667 | D:6      | Noticed Sigmund
  5674 | D:6      | Killed Sigmund
  5674 | D:6      | Reached XP level 8. HP: 52/52 MP: 9/9
  5771 | D:6      | Slain by an ice beast

Skill      XL: |  1  2  3  4  5  6  7 |
---------------+----------------------+-----
Stealth        | 1 2 3 4 5 7 |  7.3
Short Blades   | 3 4 5 6 7 |  7.7
Fighting       | |  3.0
Dodging        | |  2.3
Invocations    | |  2.0

Action                   |  1- 3 |  4- 6 |  7- 9 || total
-------------------------+-------+-------+-------++-------
Melee: Short sword       |    62 |       |       ||    62
       Constrict         |    14 |    26 |    12 ||    52
       Tentacles         |    10 |    30 |    11 ||    51
       Dagger            |     4 |   122 |    66 ||   192
       Unarmed           |       |       |     9 ||     9
Invok: Depart the Abyss  |     1 |       |       ||     1
  Use: Scroll            |     4 |     1 |       ||     5
       Potion            |       |     1 |       ||     1
 Stab: Sleeping          |    10 |     9 |     4 ||    23
  Eat: Chunk             |     2 |     4 |     6 ||    12
       Ration            |       |     1 |       ||     1
Armor: Skin              |     1 |     7 |     4 ||    12
Dodge: Dodged            |    33 |    52 |    27 ||   112
